 Dungeon Crawl Stone Soup version 0.29.1-4-g47bece8355 (webtiles) character file.

Game seed: 15164827862013679970

12 ChadusMaximus the Caller (level 2, -3/19 HPs)
             Began as a Human Summoner on Dec 7, 2022.
             Slain by a kobold
             ... wielding a +0 whip
              (5 damage)
             ... on level 1 of the Dungeon.
             The game lasted 00:00:39 (365 turns).

ChadusMaximus the Caller (Human Summoner)            Turns: 365, Time: 00:00:40

Health: -3/19      AC:  2    Str:  8    XL:     2   Next: 45%
Magic:  4/5        EV: 12    Int: 15    God:
Gold:   13         SH:  0    Dex: 13    Spells: 4/5 levels left

rFire   . . .      SeeInvis .   c - +0 spear
rCold   . . .      Faith    .   (no shield)
rNeg    . . .      Spirit   .   a - +0 robe
rPois   .          Reflect  .   (no helmet)
rElec   .          Harm     .   (no cloak)
rCorr   .          Rampage  .   (no gloves)
Will    .....                   (no boots)
Stlth   ++........              (no amulet)
HPRegen 0.06/turn               (no ring)
MPRegen 0.09/turn               (no ring)

@: no status effects
A: no striking features
a: no special abilities


You were on level 1 of the Dungeon.
You visited 1 branch of the dungeon, and saw 1 of its levels.

You collected 13 gold pieces.

Inventory:

Hand Weapons
 c - a +0 spear (weapon)
Armour
 a - a +0 robe (worn)
 f - a +0 leather armour
Potions
 b - a potion of magic
 d - a potion of attraction {unknown}
 e - a potion of brilliance {unknown}
 g - a potion of heal wounds {unknown}


   Skills:
 + Level 2.2 Dodging
 + Level 2.3 Stealth
 + Level 2.2 Spellcasting
 + Level 4.1 Summonings


You had 4 spell levels left.
You knew the following spells:

 Your Spells              Type           Power      Damage    Failure   Level
a - Summon Small Mammal   Summ           56%        N/A       4%          1

Your spell library contained the following spells:

 Spells                   Type           Power      Damage    Failure   Level
 Call Imp                 Summ           14%        N/A       6%          2
 Call Canine Familiar     Summ           14%        N/A       12%         3
 Summon Guardian Golem    Hex/Summ       7%         N/A       28%         3
 Summon Lightning Spire   Summ/Air       7%         N/A       67%         4


Dungeon Overview and Level Annotations

Branches:
Dungeon (1/15)

Altars:


Message History

The hobgoblin is severely wounded.
Your bat closely misses the hobgoblin.
The hobgoblin barely misses you.
Your quokka closely misses the hobgoblin.
You hit the hobgoblin but do no damage.
The hobgoblin is severely wounded.
Your bat hits the hobgoblin but does no damage.
The hobgoblin barely misses you.
Your quokka barely misses the hobgoblin.
Your magical contamination has completely faded away.
You hit the hobgoblin but do no damage.
The hobgoblin is severely wounded.
Your bat hits the hobgoblin but does no damage.
Your quokka bites the hobgoblin but does no damage.
The hobgoblin barely misses you.
Your quokka barely misses the hobgoblin.
The hobgoblin barely misses you.
You hit the hobgoblin.
You kill the hobgoblin!
You swap places.
You start resting.
A kobold comes into view. It is wielding a +0 whip.
A kobold is nearby!
You are too injured to fight recklessly!
You are too injured to fight recklessly!
You swap places.
You see here a ball python corpse.
Your quokka disappears in a puff of smoke!
Your bat closely misses the kobold.
The kobold closely misses your bat.
Your bat hits the kobold but does no damage.
Your bat closely misses the kobold.
Your bat hits the kobold. The kobold hits you with a +0 whip.
You hit the kobold.
The kobold is severely wounded.
Your bat closely misses the kobold.
The kobold hits you with a +0 whip.
* * * LOW HITPOINT WARNING * * *
You barely miss the kobold.
The kobold is severely wounded.
Your bat hits the kobold but does no damage.
The kobold hits you with a +0 whip.
You die...

.## # ..#.#
#####.##.#
.....
.......... .#
#.......# .##
#.......#
..####
#.......#
......
#.......#
##.....#
#.....K.#
#####..#
#....b@.# .##
#..# #.......#
#.# #..#
#.......# ..#
#..# #....†..#
#####..#
#.......#
...+...#
#.......#
######.#
#.......# ..#
#..#######.##.#
#.#
#..#.......# .#


You could see a kobold (ally target) and a friendly bat (summoned).

Vanquished Creatures
  A ball python (D:1)
  3 hobgoblins (D:1)
  A frilled lizard (D:1)
  A kobold (D:1)
6 creatures vanquished.

Vanquished Creatures (collateral kills)
  3 ball pythons (D:1)
  2 frilled lizards (D:1)
  A goblin (D:1)
  A rat (D:1)
7 creatures vanquished.

Grand Total: 13 creatures vanquished

Notes
Turn   | Place    | Note
-------+----------+-------------------------------------------
     0 | D:1      | ChadusMaximus the Human Summoner began the quest for the
                  | Orb.
     0 | D:1      | Reached XP level 1. HP: 13/13 MP: 3/3
   178 | D:1      | Reached XP level 2. HP: 19/19 MP: 5/5
   365 | D:1      | Slain by a kobold

Illustrated notes

Levels and vault maps discovered:
D:1:      nzn_arrival_crosshair, layout_basic, serial_bayou_pond_e, st_stairs_7

Action                   || total
-------------------------++-------
Melee: Spear             ||    28
 Cast: Summon Small Mamm ||    10
 Stab: Sleeping          ||     1
Armor: Robe              ||     5
Dodge: Dodged            ||    21
